Match 31798771
Unlisted

Match 31798771
End
Construct Section Command Post
Vickers Machine Gun Team
Selects Indian Artillery Battlegroup
Infantry Section
Dingo Light Scout Car
Infantry Section
Selects Towed ML 4.2-inch Heavy Mortar
Construct Platoon Command Post
Towed ML 4.2-inch Heavy Mortar
6-pounder Anti-tank Gun Team
Selects Valour
Selects Valour
6-pounder Anti-tank Gun Team
Grenade Package
Infantry Section
Selects Gurkha Rifles Section
Construct Company Command Post
Unlock M3 Grant Medium Tanks
Vickers Machine Gun Team
Selects Volunteer Infantry
M3 Grant Medium Tank
Gurkha Rifles Section
Selects Off-map Airburst Barrage
M3 Grant Medium Tank
M3 Grant Medium Tank
Armored Vehicle Training
Team Weapon Training
Foot Guards Section
Selects Perimeter Monitor
M3 Grant Medium Tank
Selects Perimeter Monitor
M3 Grant Medium Tank
Off-map Airburst Barrage
Tango
Turtleboy
GoonLord
Minpachi
Fzsu
Engineer 2022
0
0

Comments sign in to comment!

No comments posted yet!